 Dungeon Crawl Stone Soup version 0.26-a0-639-g72c4674 (webtiles) character file.

Game seed: 13933473011798624769

94 Nubsawce the Poker (level 4, 0/35 HPs)
             Began as a Demonspawn Fighter on Sept 20, 2020.
             Succumbed to an adder's poison
             ... on level 3 of the Dungeon.
             The game lasted 00:05:19 (1774 turns).

Nubsawce the Poker (Demonspawn Fighter)             Turns: 1774, Time: 00:05:19

Health: 0/35       AC:  9    Str: 17    XL:     4   Next: 38%
Magic:  4/4        EV:  7    Int:  9    God:
Gold:   96         SH:  9    Dex: 13    Spells: 3/3 levels left

rFire    . . .     SeeInvis .   a - +0 trident
rCold    . . .     Faith    .   c - +0 kite shield
rNeg     . . .     Spirit   .   b - +0 scale mail
rPois    .         Reflect  .   f - +0 helmet
rElec    .         Harm     .   (no cloak)
rCorr    .         Rampage  .   (no gloves)
MR       .....                  (no boots)
Stlth    ..........             (no amulet)
HPRegen  0.11/turn              (no ring)
MPRegen  0.09/turn              (no ring)

@: lethally poisoned (0 -> -1), flying
A: talons 1, thin metallic scales 1, spiny 1
a: no special abilities


You were on level 3 of the Dungeon.
You visited 1 branch of the dungeon, and saw 3 of its levels.

You collected 96 gold pieces.

Inventory:

Hand Weapons
 a - a +0 trident (weapon)
Armour
 b - a +0 scale mail (worn)
 c - a +0 kite shield (worn)
 f - a +0 helmet (worn)
Scrolls
 e - 2 scrolls of identify
 g - 2 scrolls of amnesia
 h - a scroll of fog {unknown}
 i - a scroll of immolation {unknown}
 j - a scroll of teleportation {unknown}
 k - a scroll of enchant armour {unknown}
 l - a scroll of random uselessness {unknown}
 n - a scroll of noise {unknown}
Potions
 d - a potion of might


   Skills:
 + Level 3.3 Fighting
 + Level 3.4 Polearms
 + Level 3.0 Armour
 + Level 3.0 Shields


You had 3 spell levels left.
You didn't know any spells.
Your spell library was empty.

Dungeon Overview and Level Annotations

Branches:
Dungeon (3/15)

Altars:
Sif Muna


Innate Abilities, Weirdness & Mutations

You have sharp toenails.
You are partially covered in thin metallic scales. (AC +2)
You are partially covered in sharp spines.


Message History

You kill the frilled lizard!
You see here an adder corpse.
A ball python comes into view.
* * * LOW HITPOINT WARNING * * *
You feel sick.
The ball python hisses angrily.
Found a stone staircase leading down.
A kobold comes into view.
The kobold shouts!
Found a scroll labeled LUNYUTHROOS.
Found an escape hatch in the ceiling.
You see here a scroll labeled TEOSTR GIDIEFUT.
e - 3 scrolls labeled TEOSTR GIDIEFUT (gained 1) It was a potion of flight.
You feel very buoyant.
You fly up into the air.
Okay, then.
As you read the scroll labeled TEOSTR GIDIEFUT, it crumbles to dust.
It is a scroll of identify.
g - 2 scrolls of amnesia You die...

.. ......... ........#
.....S..## .......@.#
.........###
.........†.###
........>#...#
.........#...##
........##....#########
#......###.........[..#
#####$. #########....##
##. ##..#...


You could see a ball python and a kobold.

Vanquished Creatures
  A worker ant (D:3)
  3 adders
  A dart slug (D:2)
  3 leopard geckos
  A ball python (D:3)
  4 bats
  A giant cockroach (D:2)
  4 hobgoblins
  4 jackals (D:3)
  A quokka (D:3)
  3 frilled lizards
  5 goblins
  A kobold (D:2)
  8 rats
40 creatures vanquished.

Notes
Turn   | Place    | Note
-------+----------+-------------------------------------------
     0 | D:1      | Nubsawce the Demonspawn Fighter began the quest for the
                  | Orb.
     0 | D:1      | Reached XP level 1. HP: 18/18 MP: 1/1
   398 | D:1      | Gained mutation: You have sharp toenails. [demonic
                  | ancestry]
   398 | D:1      | Reached XP level 2. HP: 22/24 MP: 2/2
  1210 | D:2      | Gained mutation: You are partially covered in thin metallic
                  | scales. (AC +2) [demonic ancestry]
  1210 | D:2      | Reached XP level 3. HP: 25/29 MP: 3/3
  1280 | D:2      | Found a shimmering blue altar of Sif Muna.
  1760 | D:3      | Gained mutation: You are partially covered in sharp spines.
                  | [demonic ancestry]
  1760 | D:3      | Reached XP level 4. HP: 14/35 MP: 4/4
  1766 | D:3      | HP: 1/35 [poisoned by an adder]
  1774 | D:3      | Succumbed to an adder's poison

Illustrated notes

Levels and vault maps discovered:
D:1:      kilobyte_arrival_exit_the_forest, layout_loops_ring
D:2:      layout_loops_ring, old_standard_altar, serial_bayou_crossing
D:3:      layout_rooms, gammafunk_temple_overflow_elements, minmay_diced_spiral,
          uniq_terence

Skill      XL: |  1  2  3 |
---------------+----------+-----
Polearms       | 2 3 |  3.4
Shields        | 3 |  3.0
Armour         | 3 |  3.0
Fighting       | |  3.3

Action                   |  1- 3 |  4- 6 || total
-------------------------+-------+-------++-------
Melee: Trident           |   115 |     7 ||   122
       Kick              |    10 |     1 ||    11
  Use: Potion            |     1 |     1 ||     2
       Scroll            |       |     1 ||     1
Armor: Scale mail        |    30 |     2 ||    32
Dodge: Dodged            |    24 |       ||    24
Block: Kite shield       |    40 |     1 ||    41

Table legend: (Time is in decaauts)
 A = Elapsed time spent in this place.
 B = Non-inter-level travel time spent in this place.
 C = Inter-level travel time spent in this place.
 D = Time resting spent in this place.
 E = Time spent auto-exploring this place.
 F = Levels seen in this place.
 G = Mean time per level.
                   A        B        C        D        E       F      G
               +--------+--------+--------+--------+--------+-----+--------+
         Total |   1810 |   1810 |      0 |    142 |   1331 |   3 |  603.3 |
       Dungeon |   1810 |   1810 |      0 |    142 |   1331 |   3 |  603.3 |
               +--------+--------+--------+--------+--------+-----+--------+

Top non-repeatable levels by time:
     D:1: 841 daAuts
     D:2: 815 daAuts
     D:3: 154 daAuts
